Match 46651042
Unlisted

Match 46651042
End
Kradschützen Motorcycle Team
Selects Italian Combined Arms Battlegroup
Selects Bersaglieri Squad
Bersaglieri Squad
Bersaglieri Squad
Bersaglieri Squad
Construct Light Support Kompanie
2.5-tonne Medical Truck
Panzerjäger Mechanized Group
Construct Mechanized Kompanie
254 Reconnaissance Tractor
Selects Semovente da 75/18 Assault Gun
Selects Strafing Run
Marder III Tank Destroyer
Support Armor Elements
8 Rad Armored Car
Selects Artillery Cover
StuG III D Assault Gun
Artillery Cover
Selects Bersaglieri Bolster
Selects Breda Model 30 Light Machine Guns
Veteran Squad Leaders
Construct Panzerarmee Kommand
Cappie
Doctor Guver
KyrSor
Ra11
Cohpe?
Harry Cohper
0
0

Comments sign in to comment!

No comments posted yet!